 Dungeon Crawl Stone Soup version 0.31-a0-142-g31f6795574 (webtiles) character file.

Game seed: 3388853324172473788

155 Arzdou the Slasher (level 5, -1/42 HPs)
             Began as a Merfolk Monk on June 3, 2023.
             Slain by a gnoll
             ... wielding a +0 flail
              (7 damage)
             ... on level 4 of the Dungeon.
             The game lasted 00:03:18 (2459 turns).

Arzdou the Slasher (Merfolk Monk)                   Turns: 2459, Time: 00:03:18

Health: -1/42      AC:  2    Str: 11    XL:     5   Next: 37%
Magic:  5/5        EV: 15    Int:  9    God:
Gold:   134        SH:  0    Dex: 19    Spells: 4/4 levels left

rFire   . . .        a - +0 falchion
rCold   . . .        d - orb {light}
rNeg    . . .        b - +0 robe
rPois   .            (no helmet)
rElec   .            (no cloak)
rCorr   .            (no gloves)
SInv    .            (no boots)
Will    .....        (no amulet)
Stlth   +            (no ring)
HPRegen 0.27/turn    (no ring)
MPRegen 0.09/turn

%: no passive effects
@: glowing
A: (nimble swimmer 2), mertail
a: no special abilities


You were on level 4 of the Dungeon.
You visited 1 branch of the dungeon, and saw 5 of its levels.

You collected 134 gold pieces.

Inventory:

Hand Weapons
 a - a +0 falchion (weapon)
Armour
 b - a +0 robe (worn)
 d - an orb of light (worn)
 l - a +0 kite shield
Wands
 q - a wand of flame (23)
Scrolls
 c - a scroll of magic mapping {unknown}
 e - 3 scrolls of identify {unknown}
 g - a scroll of teleportation {unknown}
 h - a scroll of fog {unknown}
 n - a scroll of noise {unknown}
 o - a scroll of amnesia {unknown}
 p - a scroll of enchant armour {unknown}
 r - a scroll of vulnerability {unknown}
Potions
 f - 2 potions of mutation {unknown}
 i - a potion of heal wounds {unknown}
 j - 2 potions of ambrosia
 k - 2 potions of attraction {unknown}
 m - a potion of might {unknown}


   Skills:
 - Level 4.1 Fighting
 + Level 6.0 Long Blades
 - Level 4.9 Dodging


You had 4 spell levels left.
You didn't know any spells.
Your spell library contained the following spells:

 Spells                   Type           Power      Damage    Failure   Level
 Ozocubu's Armour         Ice            0%         N/A       77%         3
 Ozocubu's Refrigeration  Ice            0%         4d7       100%        7


Dungeon Overview and Level Annotations

Branches:
Dungeon (5/15)
 Temple: D:4-7

Altars:
Ashenzari
Cheibriados
Hepliaklqana
Yredelemnul

Shops:
D:4 [

Annotations:
D:4 1 runed translucent door, Vorhees's ghost, novice GrFi


Innate Abilities, Weirdness & Mutations

((You are very nimble when in or above water. (Stealth+, EV+, Speed+++)))
Your lower body shifts to a powerful aquatic tail in water.


Message History

You start resting.
An orc comes into view. It is wielding a +0 short sword.
The orc shouts!
The orc throws a boomerang.
The boomerang hits you.
An orc wizard comes into view. It is wielding a +0 dagger.
An orc comes into view. It is wielding a +0 dagger.
An orc comes into view. It is wielding a +0 mace.
The orc shouts! x2; You hear a shout!
An orc wizard comes into view.
It is wielding a +1 dagger of holy wrath.
The orc wizard shouts!
You hit the orc but do no damage.
You hear a shout!
The orc wizard gestures wildly while chanting.
The orc wizard flickers and vanishes!
Deactivating autopickup; reactivate with Ctrl-A.
The orc throws a javelin.
The javelin closely misses you. The orc closely misses you.
A black bear comes into view.
The black bear growls angrily.
You hear the slow rusting of a very distant drain.
The orc throws a javelin.
The javelin pierces through you. The orc barely misses you.
The orc attacks as you move away! The orc hits you with a +0 short sword.
The orc throws a boomerang.
The boomerang hits you.
* * * LOW HITPOINT WARNING * * *
The orc throws a boomerang.
The boomerang closely misses you.
There is a stone staircase leading up, spattered with blood here.
The orc throws a javelin.
The javelin closely misses you.
You climb upwards.
Level annotation: 1 runed translucent door, Vorhees's ghost, novice GrFi Reactivating autopickup.
There is a stone staircase leading down here.
Vorhees's ghost turns its malevolent gaze towards you.
The gnoll hits you with a +0 flail!
* * * LOW HITPOINT WARNING * * *
You barely miss the gnoll. The gnoll misses you.
You hit the gnoll.
The gnoll is lightly wounded.
The gnoll hits you with a +0 flail!
You die...

########.# #............
.........##### #............
............># #............
##.......###.### #......###...
##.#####.# #...###.....##⌠##..
......##g# #.#..g.....##...##.
......##.# #.####....##..!..##
......##.###..####...+W..♣..⌠#
......##..).....@g...##..?..##
......#######.#####...##...##.
......# #..####....##⌠##..
......# ##.gg.#.....###..
......# ####.#.........
......# ......... ......#
#........ ...[..# ...g..
......# #.....


You could see Vorhees's ghost and a gnoll.

Vanquished Creatures
  A jelly (D:4)
  2 gnolls
  3 adders
  2 worms (D:2)
  5 dart slugs
  2 orcs
  6 bats
  2 endoplasms
  5 giant cockroaches
  5 goblins
  9 hobgoblins
  4 jackals (D:1)
  2 kobolds (D:3)
  2 quokkas (D:3)
  A ball python (D:3)
  2 frilled lizards
  5 rats
58 creatures vanquished.

Notes
Turn   | Place    | Note
-------+----------+-------------------------------------------
     0 | D:1      | Arzdou the Merfolk Monk began the quest for the Orb.
     0 | D:1      | Reached XP level 1. HP: 18/18 MP: 1/1
   102 | D:1      | Reached XP level 2. HP: 24/24 MP: 2/2
   162 | D:1      | Reached skill level 4 in Long Blades
   343 | D:1      | Reached XP level 3. HP: 30/30 MP: 3/3
   872 | D:2      | Reached XP level 4. HP: 37/37 MP: 4/4
  1502 | D:3      | Reached skill level 5 in Long Blades
  2159 | D:3      | Found a basalt altar of Yredelemnul.
  2159 | D:3      | Found a snail-covered altar of Cheibriados.
  2161 | D:3      | Found a hazy altar of Hepliaklqana.
  2161 | D:3      | Found a broken altar of Ashenzari.
  2224 | D:4      | Found Fuit's Armour Boutique.
  2283 | D:4      | Found a runed translucent door.
  2286 | D:4      | Noticed Vorhees's ghost (novice GrFi)
  2291 | D:4      | Reached XP level 5. HP: 38/42 MP: 5/5
  2391 | D:5      | Entered Level 5 of the Dungeon
  2397 | D:5      | Reached skill level 6 in Long Blades
  2440 | D:5      | Noticed a black bear
  2459 | D:4      | Slain by a gnoll

Illustrated notes

Levels and vault maps discovered:
D:1:      scummos_arrival_simple_crosswalls, layout_loops_ring,
          item_on_display_a
D:2:      kennysheep_six_static_rooms, layout_rooms, reono_crystal_passage
D:3:      layout_loops_ring, mainiacjoe_overflow_alcove_3,
          wander_ebering_terrifying_dragon_lair
D:4:      layout_basic, nicolae_qazlal_scattered_showers,
          hellmonk_ghost_happy_afterlife, serial_shops, shop
D:5:      minmay_diamond_boxcup, layout_basic, led_sif_pool,
          minmay_temple_entry_poolview, cheibrodos_sewer_entry_drain,
          uniq_grinder

Skill      XL: |  1  2  3  4  5 |
---------------+----------------+-----
Long Blades    | 4 5 6 |  6.0
Fighting       | 4 |  4.1
Dodging        | |  4.9

Action                     |  1- 3 |  4- 6 || total
---------------------------+-------+-------++-------
  Melee: Falchion          |    86 |    79 ||   165
    Use: Potion            |     1 |       ||     1
   Stab: Sleeping          |     1 |       ||     1
 Armour: Robe              |     9 |    11 ||    20
  Dodge: Dodged            |    79 |    60 ||   139

Table legend: (Time is in decaauts)
 A = Elapsed time spent in this place.
 B = Non-inter-level travel time spent in this place.
 C = Inter-level travel time spent in this place.
 D = Time resting spent in this place.
 E = Time spent auto-exploring this place.
 F = Levels seen in this place.
 G = Mean time per level.
                   A        B        C        D        E       F      G
               +--------+--------+--------+--------+--------+-----+--------+
         Total |   2470 |   2379 |     91 |     90 |   1872 |   5 |  494.0 |
       Dungeon |   2470 |   2379 |     91 |     90 |   1872 |   5 |  494.0 |
               +--------+--------+--------+--------+--------+-----+--------+

Top non-repeatable levels by time:
     D:3: 896 daAuts
     D:1: 682 daAuts
     D:2: 655 daAuts
     D:4: 180 daAuts
     D:5: 54 daAuts
